Workbook

Sheet Geral
A6: PROCESSO LICITARIO | D6: PREGÃO PRESENCIAL Nº /2023 - PROC. ADM. Nº 1017/2023
A7: EMPRESA | D7: BASE PREFEITURA EDITAL TERMO DE REFERENCIA
A8: OBJETO | D8: AVALIAÇÃO DA PLANILHA DE CUSTO
A10: Discriminação dos Serviços (dados referentes à contratação)
A11: A | B11: Data de apresentação da proposta (dia/mês/ano) | H11: 0 | I11: =H11 -> 0 | J11: =I11 -> 0 | K11: =J11 -> 0 | L11: =K11 -> 0
A12: B | B12: Cidade da prestação dos serviços | H12: Amparo / SP | I12: =H12 -> Amparo / SP | J12: =I12 -> Amparo / SP | K12: =J12 -> Amparo / SP | L12: =K12 -> Amparo / SP
A13: C | B13: Ano Acordo, Convenção ou Sentença Normativa em Dissídio Coletivo | H13: 0 | I13: =H13 -> 0 | J13: =I13 -> 0 | K13: =J13 -> 0 | L13: =K13 -> 0
A14: D | B14: Nº de meses de execução contratual | H14: 12 | I14: 12 | J14: 12 | K14: 12 | L14: 12
A16: MÃO DE OBRA
A17: MÃO DE OBRA VINCULADA À EXECUÇÃO CONTRATUAL
A18: Dados complementares para composição dos custos referente à mão de obra | H18: =[1]Geral!$H$18 -> 44 HORAS SEMANAIS
A19: 1 | B19: Tipo de serviço (mesmo serviço com características distintas) | H19: =[1]Geral!$H$19 -> AUXILIAR DE LIMPEZA (DESCRIÇÃO NO EDITAL) | I19: =[1]Geral!$I$19 -> COPEIRA (DESCRIÇÃO NO EDITAL) | J19: =[1]Geral!$J$19 -> JARDINEIRA (DESCRIÇÃO NO EDITAL) | K19: =[1]Geral!$K$19 -> LIMPADOR DE VIDRO ( DESCRIÇÃO NO EDITAL) | L19: =[1]Geral!$L$19 -> ENCARREGADO (DESCRIÇÃO NO EDITAL)
A20: 2 | B20: Salário Normativo da Categoria Profissional | H20: 0 | I20: 0 | J20: 0 | K20: 0 | L20: 0
A21: 3 | B21: Categoria Profissional (vinculada à execução contratual) | H21: Aux. Limpeza | I21: Copeira | J21: jardineiro | K21: limpador de vidro | L21: encarregado
A22: 4 | B22: Data base da categoria (dia/mês/ano) | H22: =H13 -> 0 | I22: =I13 -> 0 | J22: =J13 -> 0 | K22: =K13 -> 0 | L22: =L13 -> 0
A23: 5 | B23: Salario minimo vigente no pais | H23: 1320 | I23: 1320 | J23: 1320 | K23: 1320 | L23: 1320
A24: MÓDULO 1: COMPOSIÇAO DA REMUNERAÇÃO
A25: 1 | B25: Composição da Remuneração | H25: Valor (R$) | I25: Valor (R$) | J25: Valor (R$) | K25: Valor (R$) | L25: Valor (R$)
A26: A | B26: Salário Base | H26: 0 | I26: 0 | J26: 0 | K26: 0 | L26: 0
A27: A' | B27: Tiquete Refeição (para empresas não inscritas no PAT)
A28: B | B28: Adicional de periculosidade | G28: 0.3 | H28: 0 | I28: 0 | J28: 0 | K28: 0 | L28: 0
A29: C | B29: Adicional de insalubridade | G29: 0 | H29: =$G$29*H23 -> 0 | I29: =$G$29*I23 -> 0 | J29: =$G$29*J23 -> 0 | K29: =$G$29*K23 -> 0 | L29: =$G$29*L23 -> 0
A30: D | B30: Adicional Noturno
A31: E | B31: Hora noturna adicional
A32: F | B32: Adicional de Hora Extra
A33: G | B33: Intervalo Intrajornada
A34: H | B34: Outros (especificar)
A35: Total da Remuneração | H35: =SUM(H26:H34) -> 0 | I35: =SUM(I26:I34) -> 0 | J35: =SUM(J26:J34) -> 0 | K35: =SUM(K26:K34) -> 0 | L35: =SUM(L26:L34) -> 0
A36: MÓDULO 2: BENEFÍCIOS MENSAIS E DIÁRIOS
A37: 2 | B37: Benefícios Mensais e Diários | H37: Valor (R$) | I37: Valor (R$) | J37: Valor (R$) | K37: Valor (R$) | L37: Valor (R$)
A38: A | B38: Transporte | H38: =Beneficios!I26 -> 0 | I38: =H38 -> 0 | J38: =I38 -> 0 | K38: =J38 -> 0 | L38: =K38 -> 0
A39: B | B39: Tíquete Refeição | H39: =Beneficios!I7 -> 0 | I39: =H39 -> 0 | J39: =I39 -> 0 | K39: =J39 -> 0 | L39: =K39 -> 0
A40: C | B40: Cesta Básica | H40: =Beneficios!I10 -> 0 | I40: =H40 -> 0 | J40: =I40 -> 0 | K40: =J40 -> 0 | L40: =K40 -> 0
A41: D | B41: =Beneficios!A12 -> Benefício Social Familiar | H41: =Beneficios!I13 -> 0 | I41: =H41 -> 0 | J41: =I41 -> 0 | K41: =J41 -> 0 | L41: =K41 -> 0
A42: E | B42: =Beneficios!A21 -> Assistência Médica | H42: =Beneficios!I22 -> 0 | I42: =H42 -> 0 | J42: =I42 -> 0 | K42: =J42 -> 0 | L42: =K42 -> 0
A43: F | B43: auxilio-creche | H43: =Beneficios!I19 -> 0 | I43: =H43 -> 0 | J43: =I43 -> 0 | K43: =J43 -> 0 | L43: =K43 -> 0
A44: G | B44: =Beneficios!A15 -> Benefício Natalidade | H44: =Beneficios!I16 -> 0 | I44: =H44 -> 0 | J44: =I44 -> 0 | K44: =J44 -> 0 | L44: =K44 -> 0
A45: H | B45: Outros (especificar) | H45: 0 | I45: =H45 -> 0 | J45: =I45 -> 0 | K45: =J45 -> 0 | L45: =K45 -> 0
A46: Total de Benefícios mensais e diários | H46: =SUM(H38:H45) -> 0 | I46: =SUM(I38:I45) -> 0 | J46: =SUM(J38:J45) -> 0 | K46: =SUM(K38:K45) -> 0 | L46: =SUM(L38:L45) -> 0
A47: MÓDULO 3: INSUMOS DIVERSOS
A48: 3 | B48: Insumos Diversos | H48: Valor (R$) | I48: Valor (R$) | J48: Valor (R$) | K48: Valor (R$) | L48: Valor (R$)
A49: A | B49: Uniformes | H49: =Beneficios!H37 -> 0 | I49: =H49 -> 0 | J49: =I49 -> 0 | K49: =J49 -> 0 | L49: =K49 -> 0
A50: B | B50: Materiais | H50: =insumos!F13 -> 0 | I50: =H50 -> 0 | J50: =I50 -> 0 | K50: =J50 -> 0 | L50: 0
A51: C | B51: EPI's | H51: =EPIS!H7 -> 0 | I51: =H51 -> 0 | J51: =I51 -> 0 | K51: =J51 -> 0 | L51: =K51 -> 0
A52: D | B52: Outros (especificar) | H52: 0 | I52: 0 | J52: 0 | K52: 0 | L52: 0
A53: TOTAL | H53: =ROUNDUP(SUM(H49:H52),2) -> 0 | I53: =ROUNDUP(SUM(I49:I52),2) -> 0 | J53: =ROUNDUP(SUM(J49:J52),2) -> 0 | K53: =ROUNDUP(SUM(K49:K52),2) -> 0 | L53: =ROUNDUP(SUM(L49:L52),2) -> 0
A54: MÓDULO 4: ENCARGOS SOCIAIS E TRABALHISTAS
A55: Submódulo 4.1 - Encargos previdenciários e FGTS
A56: 4.1 | B56: Encargos previdenciários e FGTS | G56: % | H56: Valor (R$) | I56: Valor (R$) | J56: Valor (R$) | K56: Valor (R$) | L56: Valor (R$)
A57: A | B57: INSS | G57: 0.2 | H57: =$G$57*H$35 -> 0 | I57: =$G$57*I$35 -> 0 | J57: =$G$57*J$35 -> 0 | K57: =$G$57*K$35 -> 0 | L57: =$G$57*L$35 -> 0
A58: B | B58: SESI ou SESC | G58: 0 | H58: =$G$58*H$35 -> 0 | I58: =$G$58*I$35 -> 0 | J58: =$G$58*J$35 -> 0 | K58: =$G$58*K$35 -> 0 | L58: =$G$58*L$35 -> 0
A59: C | B59: SENAI ou SENAC | G59: 0 | H59: =$G$59*H$35 -> 0 | I59: =$G$59*I$35 -> 0 | J59: =$G$59*J$35 -> 0 | K59: =$G$59*K$35 -> 0 | L59: =$G$59*L$35 -> 0
A60: D | B60: INCRA | G60: 0 | H60: =$G$60*H$35 -> 0 | I60: =$G$60*I$35 -> 0 | J60: =$G$60*J$35 -> 0 | K60: =$G$60*K$35 -> 0 | L60: =$G$60*L$35 -> 0
A61: E | B61: Salário Educação | G61: 0 | H61: =$G$61*H$35 -> 0 | I61: =$G$61*I$35 -> 0 | J61: =$G$61*J$35 -> 0 | K61: =$G$61*K$35 -> 0 | L61: =$G$61*L$35 -> 0
A62: F | B62: FGTS | G62: 0.08 | H62: =$G$62*H$35 -> 0 | I62: =$G$62*I$35 -> 0 | J62: =$G$62*J$35 -> 0 | K62: =$G$62*K$35 -> 0 | L62: =$G$62*L$35 -> 0
A63: G | B63: RAT | C63: 0.03 | D63: Fator Acidentário Previdenciário: | F63: 2.9341 | G63: =C63*F63 -> 0.088023 | H63: =$G$63*H$35 -> 0 | I63: =$G$63*I$35 -> 0 | J63: =$G$63*J$35 -> 0 | K63: =$G$63*K$35 -> 0 | L63: =$G$63*L$35 -> 0
A64: H | B64: SEBRAE | G64: 0 | H64: =$G$64*H$35 -> 0 | I64: =$G$64*I$35 -> 0 | J64: =$G$64*J$35 -> 0 | K64: =$G$64*K$35 -> 0 | L64: =$G$64*L$35 -> 0
A65: TOTAL | G65: =SUM(G57:G64) -> 0.368023 | H65: =SUM(H57:H64) -> 0 | I65: =SUM(I57:I64) -> 0 | J65: =SUM(J57:J64) -> 0 | K65: =SUM(K57:K64) -> 0 | L65: =SUM(L57:L64) -> 0
A66: Submódulo 4.2 - 13º Salário e Adicional de Férias
A67: 4.2 | B67: 13º Salário e Adicional de Férias
A68: A | B68: 13º Salário | G68: 0.09 | H68: =$G$68*H$35 -> 0 | I68: =$G$68*I$35 -> 0 | J68: =$G$68*J$35 -> 0 | K68: =$G$68*K$35 -> 0 | L68: =$G$68*L$35 -> 0
A69: B | B69: Adicional de Férias | G69: 0.03435 | H69: =$G$69*H$35 -> 0 | I69: =$G$69*I$35 -> 0 | J69: =$G$69*J$35 -> 0 | K69: =$G$69*K$35 -> 0 | L69: =$G$69*L$35 -> 0
A70: Subtotal | H70: =SUM(H68:H69) -> 0 | I70: =SUM(I68:I69) -> 0 | J70: =SUM(J68:J69) -> 0 | K70: =SUM(K68:K69) -> 0 | L70: =SUM(L68:L69) -> 0
A71: C | B71: Incidência do Submódulo 4.1 sobre 13º Salário e Adicional de Férias | H71: =$G$65*H$70 -> 0 | I71: =$G$65*I$70 -> 0 | J71: =$G$65*J$70 -> 0 | K71: =$G$65*K$70 -> 0 | L71: =$G$65*L$70 -> 0
A72: TOTAL | H72: =SUM(H70:H71) -> 0 | I72: =SUM(I70:I71) -> 0 | J72: =SUM(J70:J71) -> 0 | K72: =SUM(K70:K71) -> 0 | L72: =SUM(L70:L71) -> 0
A73: Submódulo 4.3 - Afastamento Maternidade
A74: 4.3 | B74: Afastamento Maternidade
A75: A | B75: Afastamento maternidade | F75: Meses | G75: =(F76/12)*0.1111*E76 -> 0.01111 | H75: =$G$75*H$35 -> 0 | I75: =$G$75*I$35 -> 0 | J75: =$G$75*J$35 -> 0 | K75: =$G$75*K$35 -> 0 | L75: =$G$75*L$35 -> 0
B76: Percentual de Ocorrência Anual | E76: 0.3 | F76: 4
B77: (Cálculo: (meses/licença) / 12 (meses) X 11,11% (férias s/ licença) X % de ocorrência)
A78: B | B78: Incidência do Submódulo 4.1 sobre afastamento maternidade | H78: =$G$65*H$75 -> 0 | I78: =$G$65*I$75 -> 0 | J78: =$G$65*J$75 -> 0 | K78: =$G$65*K$75 -> 0 | L78: =$G$65*L$75 -> 0
A79: TOTAL | H79: =SUM(H75:H78) -> 0 | I79: =SUM(I75:I78) -> 0 | J79: =SUM(J75:J78) -> 0 | K79: =SUM(K75:K78) -> 0 | L79: =SUM(L75:L78) -> 0
A80: Submódulo 4.4 - Provisão para Rescisão
A81: 4.4 | B81: Provisão para Rescisão
A82: A | B82: Aviso prévio indenizado | F82: N° de dias | G82: =(F83/365)*E83 -> 0.012328767 | H82: =$G$82*H$35 -> 0 | I82: =$G$82*I$35 -> 0 | J82: =$G$82*J$35 -> 0 | K82: =$G$82*K$35 -> 0 | L82: =$G$82*L$35 -> 0
B83: Percentual de Ocorrência Anual | E83: 0.15 | F83: 30
A84: B | B84: Incidência do FGTS sobre aviso prévio indenizado | H84: =$G$62*H$82 -> 0 | I84: =$G$62*I$82 -> 0 | J84: =$G$62*J$82 -> 0 | K84: =$G$62*K$82 -> 0 | L84: =$G$62*L$82 -> 0
A85: C | B85: Multa do FGTS do aviso prévio indenizado (40% Legal e 10% Contr. Social = 50% sobre FGTS) | H85: =($G$62*0.5)*$E$83*H$35 -> 0 | I85: =($G$62*0.5)*$E$83*I$35 -> 0 | J85: =($G$62*0.5)*$E$83*J$35 -> 0 | K85: =($G$62*0.5)*$E$83*K$35 -> 0 | L85: =($G$62*0.5)*$E$83*L$35 -> 0
A86: D | B86: Aviso prévio trabalhado | G86: =(7/30/20)*E87 -> 0.00175 | H86: =$G$86*H$35 -> 0 | I86: =$G$86*I$35 -> 0 | J86: =$G$86*J$35 -> 0 | K86: =$G$86*K$35 -> 0 | L86: =$G$86*L$35 -> 0
B87: Percentual de Ocorrência Anual | E87: 0.15
A88: E | B88: Incidência do submódulo 4.1 sobre aviso prévio trabalhado | H88: =$G$65*H$86 -> 0 | I88: =$G$65*I$86 -> 0 | J88: =$G$65*J$86 -> 0 | K88: =$G$65*K$86 -> 0 | L88: =$G$65*L$86 -> 0
A89: F | B89: Multa do FGTS do aviso prévio trabalhado (40% Legal e 10% Contr. Social = 50% sobre FGTS) | H89: =($G$62*0.5)*$E$87*(H$35) -> 0 | I89: =($G$62*0.5)*$E$87*(I$35) -> 0 | J89: =($G$62*0.5)*$E$87*(J$35) -> 0 | K89: =($G$62*0.5)*$E$87*(K$35) -> 0 | L89: =($G$62*0.5)*$E$87*(L$35) -> 0
A90: TOTAL | H90: =SUM(H82:H89) -> 0 | I90: =SUM(I82:I89) -> 0 | J90: =SUM(J82:J89) -> 0 | K90: =SUM(K82:K89) -> 0 | L90: =SUM(L82:L89) -> 0
A91: Submódulo 4.5 - Custo de Reposição do Profissional Ausente
A92: 4.5 | B92: Composição do Custo de Reposição do Profissional Ausente
A93: A | B93: Férias | G93: =1/12 -> 0.083333333 | H93: =$G$93*H$35 -> 0 | I93: =$G$93*I$35 -> 0 | J93: =$G$93*J$35 -> 0 | K93: =$G$93*K$35 -> 0 | L93: =$G$93*L$35 -> 0
A94: B | B94: Ausência por doença | G94: =E95/365 -> 0.02739726 | H94: =H$35*$G$94 -> 0 | I94: =I$35*$G$94 -> 0 | J94: =J$35*$G$94 -> 0 | K94: =K$35*$G$94 -> 0 | L94: =L$35*$G$94 -> 0
B95: Dias de ocorrência por ano | E95: 10
A96: C | B96: Afastamento paternidade | G96: =(5/365)*E97 -> 0.00068493151 | H96: =$G$96*H$35 -> 0 | I96: =$G$96*I$35 -> 0 | J96: =$G$96*J$35 -> 0 | K96: =$G$96*K$35 -> 0 | L96: =$G$96*L$35 -> 0
B97: Percentual de Ocorrência Anual | E97: 0.05
B98: (Cálculo: 5 (dias/licença) / 365 (dias) X % de ocorrência)
A99: D | B99: Ausências legais | G99: =E100/365 -> 0.002739726 | H99: =$G$99*H$35 -> 0 | I99: =$G$99*I$35 -> 0 | J99: =$G$99*J$35 -> 0 | K99: =$G$99*K$35 -> 0 | L99: =$G$99*L$35 -> 0
B100: Dias de ocorrência por ano | E100: 1
A101: E | B101: Ausência por acidentes de trabalho | G101: =E102/365 -> 0.0082191781 | H101: =$G$101*H$35 -> 0 | I101: =$G$101*I$35 -> 0 | J101: =$G$101*J$35 -> 0 | K101: =$G$101*K$35 -> 0 | L101: =$G$101*L$35 -> 0
B102: Números de dias de acidentes de trabalho | E102: 3
A103: F | B103: Outros (especificar)
A104: Subtotal | H104: =SUM(H93:H103) -> 0 | I104: =SUM(I93:I103) -> 0 | J104: =SUM(J93:J103) -> 0 | K104: =SUM(K93:K103) -> 0 | L104: =SUM(L93:L103) -> 0
A105: G | B105: Incidência do submódulo 4.1 sobre o Custo de reposição | H105: =SUM($G$65)*H$104 -> 0 | I105: =SUM($G$65)*I$104 -> 0 | J105: =SUM($G$65)*J$104 -> 0 | K105: =SUM($G$65)*K$104 -> 0 | L105: =SUM($G$65)*L$104 -> 0
A106: TOTAL | H106: =H104+H105 -> 0 | I106: =I104+I105 -> 0 | J106: =J104+J105 -> 0 | K106: =K104+K105 -> 0 | L106: =L104+L105 -> 0
A107: Quadro - resumo - Módulo 4 - Encargos sociais e trabalhistas
...

Sheet Beneficios
A2: BENEFÍCIOS
A5: BENEFÍCIOS LEGAIS ACORDADOS
A6: Tiquete Refeição | D6: DIAS | E6: VALOR UNITÁRIO | G6: EMPREGADO | I6: CUSTO TOTAL MENSAL
D7: 22 | E7: 0 | G7: 1 | I7: =D7*E7 -> 0
A9: Cesta Básica | E9: QUANTIDADE | G9: VALOR UNITÁRIO | I9: CUSTO TOTAL MENSAL
E10: 1 | G10: 0 | I10: =G10 -> 0
A12: Benefício Social Familiar | D12: QUANTIDADE | E12: VALOR UNITÁRIO | G12: EMPREGADO | I12: CUSTO TOTAL MENSAL
D13: 1 | E13: 0 | G13: 1 | I13: =E13*G13 -> 0
A15: Benefício Natalidade | D15: VALOR ANUAL | E15: VALOR MENSAL | G15: EMPREGADO | I15: CUSTO TOTAL MENSAL
D16: 0 | E16: 0 | G16: 1 | I16: =E16*G16 -> 0
A18: Auxílio Creche | D18: SALÁRIO MÍNIMO | E18: VALOR UNITÁRIO | G18: OCORRÊNCIA ANUAL % | I18: CUSTO TOTAL MENSAL
D19: 0 | E19: 0 | G19: 0.2 | I19: =E19/12 -> 0
A21: Assistência Médica | D21: MENSAL | E21: VALOR UNITÁRIO | G21: EMPREGADO | I21: CUSTO TOTAL MENSAL
D22: 1 | E22: 0 | G22: 0 | I22: =ROUND((E22-G22)*D22,2) -> 0
A24: VALE TRANSPORTE
A25: Contrato | B25: bilhete/dia | C25: nº dias/mês | D25: Valor tarifa | E25: Custo total | F25: Custo empregado | I25: Custo empresa
A26: Padrão 44h/sem SP | B26: 2 | C26: 22 | D26: 0 | E26: =ROUND(B26*C26*D26,2) -> 0 | F26: =Geral!H20*0.06 -> 0 | I26: =E26-F26 -> 0
A30: UNIFORME (SERVENTE, Limpador de vidros sem risco e com risco )
A31: Item | C31: Custo unitário | E31: Vida útil (meses) | G31: Quantidade | H31: Custo mensal
A32: Camisa | C32: 0 | E32: 6 | G32: 2 | H32: =C32*G32/E32 -> 0
A33: Calça | C33: 0 | E33: 6 | G33: 2 | H33: =C33*G33/E33 -> 0
A34: Crachá c/identif. Empresa | C34: 0 | E34: 12 | G34: 1 | H34: =C34*G34/E34 -> 0
A35: Sapato/Tênis | C35: 0 | E35: 12 | G35: 1 | H35: =C35*G35/E35 -> 0
A36: Bota | C36: 0 | E36: 12 | G36: 1 | H36: =C36*G36/E36 -> 0
A37: Custo total mensal: | H37: =SUM(H32:H36) -> 0

Sheet insumos
A2: 3 | B2: PRODUTOS DE HIGIENE - REFIL SABONETE GEL / PAPEL TOALHA / PAPEL HIGIÊNICO
C3: unidade de medida | D3: quantidade mês | E3: valor unitario | F3: valor mensal | G3: valor anual
A4: 3.1 | B4: Sabonete Gel Refil de 800ml | C4: UN x MÊS | D4: 138 | E4: 0 | F4: =ROUND(D4*E4,2) -> 0 | G4: =ROUND(F4*12,2) -> 0
A5: 3.2 | B5: Papel Toalha - Pacotes com 1.000 folhas | C5: PCT x MÊS | D5: 758 | E5: 0 | F5: =ROUND(D5*E5,2) -> 0 | G5: =ROUND(F5*12,2) -> 0
A6: 3.3 | B6: Papel Higiênico - Fardo com 8 Rolos com 300 metros | C6: FARDO x MÊS | D6: 67 | E6: 0 | F6: =ROUND(D6*E6,2) -> 0 | G6: =ROUND(F6*12,2) -> 0
A7: 3.4 | B7: SANEAMENTES DOMISSANITARIOS | C7: UNI | D7: 150 | E7: 0 | F7: =ROUND(D7*E7,2) -> 0 | G7: =ROUND(F7*12,2) -> 0
A8: 3.5 | B8: SACOS DE LIXOS | C8: UNI X MÊS | D8: 100 | E8: 0 | F8: =ROUND(D8*E8,2) -> 0 | G8: =ROUND(F8*12,2) -> 0
A9: 3.6 | B9: DISPENSER DE SABONETES LIQUIDOS | C9: UNIX MÊS | D9: 50 | E9: 0 | F9: =ROUND(D9*E9,2) -> 0 | G9: =ROUND(F9*12,2) -> 0
A10: 3.7 | B10: PEDRAS DESIFETANTE | C10: UNI X MÊS | D10: 30 | E10: 0 | F10: =ROUND(D10*E10,2) -> 0 | G10: =ROUND(F10*12,2) -> 0
F11: =F4+F5+F6+F7+F8+F9+F10 -> 0
F12: =Geral!H140+Geral!I140+Geral!J140+Geral!K140 -> 23
F13: =F11/F12 -> 0

Sheet EPIS
A2: 4 | B2: EPIs
C3: unidade de medida | D3: quantidade mês | E3: Vida útil (meses) | G3: valor unitario | H3: valor mensal | I3: valor anual
A4: 4.1 | B4: luva de proteção indivudual | C4: UNI | D4: 22 | E4: 1 | G4: 0 | H4: =D4*G4 -> 0 | I4: =H4*12 -> 0
A5: 4.2 | B5: oculos de proteção indiviadual | C5: UNI | D5: 1 | E5: 6 | G5: 0 | H5: =(D5/E5)*G5 -> 0 | I5: =H5*12 -> 0
A6: 4.3 | B6: mascara de proteção individual | C6: UNI | D6: 22 | E6: 1 | G6: 0 | H6: =D6*G6 -> 0 | I6: =H6*12 -> 0
H7: =H4+H5+H6 -> 0 | I7: =I4+I5+I6 -> 0

Sheet UNIDADES
A3: ITEM | B3: DESCRIÇÃO | C3: TURNO | D3: UNIDADE | E3: TOTAL DA ÁREA DOS LOCAIS M2 / QUANTITATIVO DE FORNECIMENTO / LOCAIS / CAPACIDADE | F3: VALORES
F4: Unitário | G4: Mensal | H4: Total para 12 meses
A5: 1 | B5: PAÇO MUNICIPAL
A6: 1.1 | B6: Áreas Internas - Pisos Frios | C6: 1 TURNO: 06:00 ATÉ 14:00 HS 2 TURNO: 09:00 ATE 17:00 HS 3 TURNO:14:00 ATÉ AS 22:00 HS | D6: M2 | E6: 4897 | F6: =$F$94 -> 0 | G6: =ROUND(E6*F6,2) -> 0 | H6: =ROUND(G6*12,2) -> 0
A7: 1.2 | B7: com espaços livres - saguão /hall/salão | D7: M2 | E7: 0 | F7: =$F$94 -> 0 | G7: =ROUND(E7*F7,2) -> 0 | H7: =ROUND(G7*12,2) -> 0
A8: 1.3 | B8: Sanitários de uso público ou coletivo de grande circulação | D8: M2 | E8: 106 | F8: =$F$94 -> 0 | G8: =ROUND(E8*F8,2) -> 0 | H8: =ROUND(G8*12,2) -> 0
A9: 1.4 | B9: Pisos pavimentados adjacentes/contíguos às edificações | D9: M2 | E9: 3587 | F9: =$F$94 -> 0 | G9: =ROUND(E9*F9,2) -> 0 | H9: =ROUND(G9*12,2) -> 0
A10: 1.5 | B10: Varrição de passeios e arruamentos | D10: M2 | E10: 4195 | F10: =$F$94 -> 0 | G10: =ROUND(E10*F10,2) -> 0 | H10: =ROUND(G10*12,2) -> 0
A11: 1.6 | B11: Frequência semestral (COM exposição à situação de risco) | D11: M2 | E11: 0 | F11: =$F$94 -> 0 | G11: =ROUND(E11*F11,2) -> 0 | H11: =ROUND(G11*12,2) -> 0
E12: =E6+E7+E8+E9+E10+E11 -> 12785 | G12: =SUM(G6:G11) -> 0 | H12: =SUM(H6:H11) -> 0
A13: 2 | B13: FUNDO SOCIAL DE SOLIDARIDADE
A14: 2.1 | B14: Áreas Internas - Pisos Frios | C14: 07:00 ATÉ 15:00 HS | D14: M2 | E14: 775 | F14: =F6 -> 0 | G14: =ROUND(E14*F14,2) -> 0 | H14: =ROUND(G14*12,2) -> 0
A15: 2.2 | B15: com espaços livres - saguão /hall/salão | D15: M2 | E15: 0 | F15: =F11 -> 0 | G15: =ROUND(E15*F15,2) -> 0 | H15: =ROUND(G15*12,2) -> 0
A16: 2.3 | B16: Sanitários de uso público ou coletivo de grande circulação | D16: M2 | E16: 37 | F16: =F11 -> 0 | G16: =ROUND(E16*F16,2) -> 0 | H16: =ROUND(G16*12,2) -> 0
A17: 2.4 | B17: Pisos pavimentados adjacentes/contíguos às edificações | D17: M2 | E17: 2210 | F17: =F11 -> 0 | G17: =ROUND(E17*F17,2) -> 0 | H17: =ROUND(G17*12,2) -> 0
A18: 2.5 | B18: Varrição de passeios e arruamentos | D18: M2 | E18: 1300 | F18: =F11 -> 0 | G18: =ROUND(E18*F18,2) -> 0 | H18: =ROUND(G18*12,2) -> 0
A19: 2.6 | B19: Frequência semestral (COM exposição à situação de risco) | D19: M2 | E19: 0 | F19: =F11 -> 0 | G19: =ROUND(E19*F19,2) -> 0 | H19: =ROUND(G19*12,2) -> 0
E20: =SUM(E14:E19) -> 4322 | G20: =SUM(G14:G19) -> 0 | H20: =SUM(H14:H19) -> 0
A21: 3 | B21: SECRETARIA MUNICIPAL DE INFRAESTRUTURA E SERVIÇOS
A22: 3.1 | B22: Áreas Internas - Pisos Frios | C22: 06:ATÉ 14:00 HS | D22: M2 | E22: 680 | F22: =F6 -> 0 | G22: =ROUND(E22*F22,2) -> 0 | H22: =ROUND(G22*12,2) -> 0
A23: 3.2 | B23: com espaços livres - saguão /hall/salão | D23: M2 | E23: 0 | F23: =F6 -> 0 | G23: =ROUND(E23*F23,2) -> 0 | H23: =ROUND(G23*12,2) -> 0
A24: 3.3 | B24: Sanitários de uso público ou coletivo de grande circulação | D24: M2 | E24: 15 | F24: =F6 -> 0 | G24: =ROUND(E24*F24,2) -> 0 | H24: =ROUND(G24*12,2) -> 0
A25: 3.4 | B25: Pisos pavimentados adjacentes/contíguos às edificações | D25: M2 | E25: 5480 | F25: =F6 -> 0 | G25: =ROUND(E25*F25,2) -> 0 | H25: =ROUND(G25*12,2) -> 0
A26: 3.5 | B26: Varrição de passeios e arruamentos | D26: M2 | E26: 1000 | F26: =F6 -> 0 | G26: =ROUND(E26*F26,2) -> 0 | H26: =ROUND(G26*12,2) -> 0
A27: 3.6 | B27: Frequência semestral (COM exposição à situação de risco) | D27: M2 | E27: 0 | F27: =F6 -> 0 | G27: =ROUND(E27*F27,2) -> 0 | H27: =ROUND(G27*12,2) -> 0
E28: =SUM(E22:E27) -> 7175 | G28: =SUM(G22:G27) -> 0 | H28: =SUM(H22:H27) -> 0
A29: 4 | B29: CENTRO DE REFERENCIAS DE ASSISTENCIA SOCIAL - CRAS I | C29: OBS: no momento está locado no espaço do centro de formação
A30: 4.1 | B30: Áreas Internas - Pisos Frios | C30: 7:00 ATÉ 15:00 HS | D30: M2 | E30: 290 | F30: =F22 -> 0 | G30: =ROUND(E30*F30,2) -> 0 | H30: =ROUND(G30*12,2) -> 0
A31: 4.2 | B31: com espaços livres - saguão /hall/salão | D31: M2 | E31: 0 | F31: =F22 -> 0 | G31: =ROUND(E31*F31,2) -> 0 | H31: =ROUND(G31*12,2) -> 0
A32: 4.3 | B32: Sanitários de uso público ou coletivo de grande circulação | D32: M2 | E32: 18 | F32: =F22 -> 0 | G32: =ROUND(E32*F32,2) -> 0 | H32: =ROUND(G32*12,2) -> 0
A33: 4.4 | B33: Pisos pavimentados adjacentes/contíguos às edificações | D33: M2 | E33: 350 | F33: =F22 -> 0 | G33: =ROUND(E33*F33,2) -> 0 | H33: =ROUND(G33*12,2) -> 0
A34: 4.5 | B34: Varrição de passeios e arruamentos | D34: M2 | E34: 1200 | F34: =F31 -> 0 | G34: =ROUND(E34*F34,2) -> 0 | H34: =ROUND(G34*12,2) -> 0
A35: 4.6 | B35: Frequência semestral (COM exposição à situação de risco) | D35: M2 | E35: 0 | F35: =F32 -> 0 | G35: =ROUND(E35*F35,2) -> 0 | H35: =ROUND(G35*12,2) -> 0
E36: =SUM(E30:E35) -> 1858 | G36: =SUM(G30:G35) -> 0 | H36: =SUM(H30:H35) -> 0
A37: 5 | B37: CENTRO DIA IDOSO
A38: 5.1 | B38: Áreas Internas - Pisos Frios | C38: =C30 -> 7:00 ATÉ 15:00 HS | D38: M2 | E38: 430 | F38: =F35 -> 0 | G38: =ROUND(E38*F38,2) -> 0 | H38: =ROUND(G38*12,2) -> 0
A39: 5.2 | B39: com espaços livres - saguão /hall/salão | D39: M2 | E39: 0 | F39: =F35 -> 0 | G39: =ROUND(E39*F39,2) -> 0 | H39: =ROUND(G39*12,2) -> 0
A40: 5.3 | B40: Sanitários de uso público ou coletivo de grande circulação | D40: M2 | E40: 25 | F40: =F35 -> 0 | G40: =ROUND(E40*F40,2) -> 0 | H40: =ROUND(G40*12,2) -> 0
A41: 5.4 | B41: Pisos pavimentados adjacentes/contíguos às edificações | D41: M2 | E41: 960 | F41: =F35 -> 0 | G41: =ROUND(E41*F41,2) -> 0 | H41: =ROUND(G41*12,2) -> 0
A42: 5.5 | B42: Varrição de passeios e arruamentos | D42: M2 | E42: 2207 | F42: =F35 -> 0 | G42: =ROUND(E42*F42,2) -> 0 | H42: =ROUND(G42*12,2) -> 0
A43: 5.6 | B43: Frequência semestral (COM exposição à situação de risco) | D43: M2 | E43: 0 | F43: =F38 -> 0 | G43: =ROUND(E43*F43,2) -> 0 | H43: =ROUND(G43*12,2) -> 0
E44: =SUM(E38:E43) -> 3622 | G44: =SUM(G38:G43) -> 0 | H44: =SUM(H38:H43) -> 0
A45: 6 | B45: CADASTRO UNICO | C45: OBS: utiliza-se de 4 salas do lions clube do pav. inferior
A46: 6.1 | B46: Áreas Internas - Pisos Frios | C46: =C38 -> 7:00 ATÉ 15:00 HS | D46: M2 | E46: 40 | F46: =F43 -> 0 | G46: =ROUND(E46*F46,2) -> 0 | H46: =ROUND(G46*12,2) -> 0
A47: 6.2 | B47: com espaços livres - saguão /hall/salão | D47: M2 | E47: 0 | F47: =F46 -> 0 | G47: =ROUND(E47*F47,2) -> 0 | H47: =ROUND(G47*12,2) -> 0
A48: 6.3 | B48: Sanitários de uso público ou coletivo de grande circulação | D48: M2 | E48: 6 | F48: =F46 -> 0 | G48: =ROUND(E48*F48,2) -> 0 | H48: =ROUND(G48*12,2) -> 0
A49: 6.4 | B49: Pisos pavimentados adjacentes/contíguos às edificações | D49: M2 | E49: 15 | F49: =F46 -> 0 | G49: =ROUND(E49*F49,2) -> 0 | H49: =ROUND(G49*12,2) -> 0
A50: 6.5 | B50: Varrição de passeios e arruamentos | D50: M2 | E50: 1800 | F50: =F46 -> 0 | G50: =ROUND(E50*F50,2) -> 0 | H50: =ROUND(G50*12,2) -> 0
A51: 6.6 | B51: Frequência semestral (COM exposição à situação de risco) | D51: M2 | E51: 0 | F51: =F46 -> 0 | G51: =ROUND(E51*F51,2) -> 0 | H51: =ROUND(G51*12,2) -> 0
E52: =SUM(E46:E51) -> 1861 | G52: =SUM(G46:G51) -> 0 | H52: =SUM(H46:H51) -> 0
A53: 7 | B53: CONSELHO TUTELAR
A54: 7.1 | B54: Áreas Internas - Pisos Frios | C54: =C46 -> 7:00 ATÉ 15:00 HS | D54: M2 | E54: 220 | F54: =F51 -> 0 | G54: =ROUND(E54*F54,2) -> 0 | H54: =ROUND(G54*12,2) -> 0
A55: 7.2 | B55: com espaços livres - saguão /hall/salão | D55: M2 | E55: 0 | F55: =F54 -> 0 | G55: =ROUND(E55*F55,2) -> 0 | H55: =ROUND(G55*12,2) -> 0
A56: 7.3 | B56: Sanitários de uso público ou coletivo de grande circulação | D56: M2 | E56: 14 | F56: =F54 -> 0 | G56: =ROUND(E56*F56,2) -> 0 | H56: =ROUND(G56*12,2) -> 0
A57: 7.4 | B57: Pisos pavimentados adjacentes/contíguos às edificações | D57: M2 | E57: 54 | F57: =F54 -> 0 | G57: =ROUND(E57*F57,2) -> 0 | H57: =ROUND(G57*12,2) -> 0
A58: 7.5 | B58: Varrição de passeios e arruamentos | D58: M2 | E58: 147 | F58: =F54 -> 0 | G58: =ROUND(E58*F58,2) -> 0 | H58: =ROUND(G58*12,2) -> 0
A59: 7.6 | B59: Frequência semestral (COM exposição à situação de risco) | D59: M2 | E59: 0 | F59: =F58 -> 0 | G59: =ROUND(E59*F59,2) -> 0 | H59: =ROUND(G59*12,2) -> 0
E60: =SUM(E54:E59) -> 435 | G60: =SUM(G54:G59) -> 0 | H60: =SUM(H54:H59) -> 0
A61: 8 | B61: JUNTA MILITAR
A62: 8.1 | B62: Áreas Internas - Pisos Frios | C62: =C54 -> 7:00 ATÉ 15:00 HS | D62: M2 | E62: 75 | F62: =F59 -> 0 | G62: =ROUND(E62*F62,2) -> 0 | H62: =ROUND(G62*12,2) -> 0
A63: 8.2 | B63: com espaços livres - saguão /hall/salão | D63: M2 | E63: 0 | F63: =F59 -> 0 | G63: =ROUND(E63*F63,2) -> 0 | H63: =ROUND(G63*12,2) -> 0
A64: 8.3 | B64: Sanitários de uso público ou coletivo de grande circulação | D64: M2 | E64: 5 | F64: =F59 -> 0 | G64: =ROUND(E64*F64,2) -> 0 | H64: =ROUND(G64*12,2) -> 0
A65: 8.4 | B65: Pisos pavimentados adjacentes/contíguos às edificações | D65: M2 | E65: 58 | F65: =F62 -> 0 | G65: =ROUND(E65*F65,2) -> 0 | H65: =ROUND(G65*12,2) -> 0
A66: 8.5 | B66: Varrição de passeios e arruamentos | D66: M2 | E66: 210 | F66: =F63 -> 0 | G66: =ROUND(E66*F66,2) -> 0 | H66: =ROUND(G66*12,2) -> 0
A67: 8.6 | B67: Frequência semestral (COM exposição à situação de risco) | D67: M2 | E67: 0 | F67: =F66 -> 0 | G67: =ROUND(E67*F67,2) -> 0 | H67: =ROUND(G67*12,2) -> 0
E68: =SUM(E62:E67) -> 348 | G68: =SUM(G62:G67) -> 0 | H68: =SUM(H62:H67) -> 0
A69: 9 | B69: SUB PREFEITURA DE ARCADAS
A70: 9.1 | B70: Áreas Internas - Pisos Frios | C70: =C62 -> 7:00 ATÉ 15:00 HS | D70: M2 | E70: 330 | F70: =F67 -> 0 | G70: =ROUND(E70*F70,2) -> 0 | H70: =ROUND(G70*12,2) -> 0
A71: 9.2 | B71: com espaços livres - saguão /hall/salão | D71: M2 | E71: 0 | F71: =F67 -> 0 | G71: =ROUND(E71*F71,2) -> 0 | H71: =ROUND(G71*12,2) -> 0
A72: 9.3 | B72: Sanitários de uso público ou coletivo de grande circulação | D72: M2 | E72: 20 | F72: =F67 -> 0 | G72: =ROUND(E72*F72,2) -> 0 | H72: =ROUND(G72*12,2) -> 0
A73: 9.4 | B73: Pisos pavimentados adjacentes/contíguos às edificações | D73: M2 | E73: 280 | F73: =F67 -> 0 | G73: =ROUND(E73*F73,2) -> 0 | H73: =ROUND(G73*12,2) -> 0
A74: 9.5 | B74: Varrição de passeios e arruamentos | D74: M2 | E74: 850 | F74: =F67 -> 0 | G74: =ROUND(E74*F74,2) -> 0 | H74: =ROUND(G74*12,2) -> 0
A75: 9.6 | B75: Frequência semestral (COM exposição à situação de risco) | D75: M2 | E75: 0 | F75: =F70 -> 0 | G75: =ROUND(E75*F75,2) -> 0 | H75: =ROUND(G75*12,2) -> 0
E76: =SUM(E70:E75) -> 1480 | G76: =SUM(G70:G75) -> 0 | H76: =SUM(H70:H75) -> 0
A77: 10 | B77: SUB PREFEITURA DE TRÊS PONTES
A78: 10.1 | B78: Áreas Internas - Pisos Frios | C78: =C70 -> 7:00 ATÉ 15:00 HS | D78: M2 | E78: 345 | F78: =F75 -> 0 | G78: =ROUND(E78*F78,2) -> 0 | H78: =ROUND(G78*12,2) -> 0
A79: 10.2 | B79: com espaços livres - saguão /hall/salão | D79: M2 | E79: 0 | F79: =F75 -> 0 | G79: =ROUND(E79*F79,2) -> 0 | H79: =ROUND(G79*12,2) -> 0
A80: 10.3 | B80: Sanitários de uso público ou coletivo de grande circulação | D80: M2 | E80: 5.35 | F80: =F75 -> 0 | G80: =ROUND(E80*F80,2) -> 0 | H80: =ROUND(G80*12,2) -> 0
A81: 10.4 | B81: Pisos pavimentados adjacentes/contíguos às edificações | D81: M2 | E81: 310 | F81: =F75 -> 0 | G81: =ROUND(E81*F81,2) -> 0 | H81: =ROUND(G81*12,2) -> 0
A82: 10.5 | B82: Varrição de passeios e arruamentos | D82: M2 | E82: 760 | F82: =F75 -> 0 | G82: =ROUND(E82*F82,2) -> 0 | H82: =ROUND(G82*12,2) -> 0
A83: 10.6 | B83: Frequência semestral (COM exposição à situação de risco) | D83: M2 | E83: 0 | F83: =F80 -> 0 | G83: =ROUND(E83*F83,2) -> 0 | H83: =ROUND(G83*12,2) -> 0
E84: =SUM(E78:E83) -> 1420.35 | G84: =SUM(G78:G83) -> 0 | H84: =SUM(H78:H83) -> 0
A85: 11 | B85: SEGURANÇA DO TRABALHO SESMT
A86: 11.1 | B86: Áreas Internas - Pisos Frios | C86: =C78 -> 7:00 ATÉ 15:00 HS | D86: M2 | E86: 110 | F86: =F83 -> 0 | G86: =ROUND(E86*F86,2) -> 0 | H86: =ROUND(G86*12,2) -> 0
A87: 11.2 | B87: com espaços livres - saguão /hall/salão | D87: M2 | E87: 0 | F87: =F83 -> 0 | G87: =ROUND(E87*F87,2) -> 0 | H87: =ROUND(G87*12,2) -> 0
A88: 11.3 | B88: Sanitários de uso público ou coletivo de grande circulação | D88: M2 | E88: 7 | F88: =F83 -> 0 | G88: =ROUND(E88*F88,2) -> 0 | H88: =ROUND(G88*12,2) -> 0
A89: 11.4 | B89: Pisos pavimentados adjacentes/contíguos às edificações | D89: M2 | E89: 41 | F89: =F83 -> 0 | G89: =ROUND(E89*F89,2) -> 0 | H89: =ROUND(G89*12,2) -> 0
A90: 11.5 | B90: Varrição de passeios e arruamentos | D90: M2 | E90: 100 | F90: =F83 -> 0 | G90: =ROUND(E90*F90,2) -> 0 | H90: =ROUND(G90*12,2) -> 0
A91: 11.6 | B91: Frequência semestral (COM exposição à situação de risco) | D91: M2 | E91: 0 | F91: =F83 -> 0 | G91: =ROUND(E91*F91,2) -> 0 | H91: =ROUND(G91*12,2) -> 0
E92: =SUM(E86:E91) -> 258 | G92: =SUM(G86:G91) -> 0 | H92: =SUM(H86:H91) -> 0
E94: =E92+E84+E76+E68+E60+E52+E44+E36+E28+E20+E12 -> 35564.35 | F94: =G96/E94 -> 0 | G94: =G92+G84+G76+G68+G60+G52+G44+G36+G28+G20+G12 -> 0 | H94: =H92+H84+H76+H68+H60+H52+H44+H36+H28+H20+H12 -> 0
G96: =(Geral!H143+Geral!I143+Geral!J143+Geral!K143+Geral!L143) -> 0
